 Dungeon Crawl Stone Soup version 0.30-b1-2-g02819fbbbe (webtiles) character file.

Game seed: 11360885978341963781

81892 falawelle the Severer (level 15, -19/150 HPs)
             Began as a Minotaur Berserker on May 11, 2023.
             Was a Priest of Trog.
             Killed from afar by Roxanne (44 damage)
             ... with an iron shot
             ... on level 14 of the Dungeon.
             The game lasted 02:49:51 (40759 turns).

falawelle the Severer (Minotaur Berserker)         Turns: 40759, Time: 02:49:51

Health: -19/150    AC: 23    Str: 32    XL:     15   Next: 28%
Magic:  14/14      EV: 12    Int:  9    God:    Trog [***...]
Gold:   1788       SH: 10    Dex: 10    Spells: 14/14 levels left

rFire   . . .        w - +5 morningstar "Goblinslayer" {elec, Fly rElec rC+ Int+3}
rCold   + + .        y - +0 kite shield
rNeg    + . .        M - +2 chain mail {rPois}
rPois   +            K - +2 hat
rElec   +            e - +0 cloak "Varailot" {rPois rC+}
rCorr   .            U - +1 pair of gloves of Betwyjit {rN+ Str+5}
SInv    .            Q - +0 pair of boots of the Komodo Dragon {rPois}
Will    +....        T - amulet of the acrobat Stlth
                     S - ring of flight
HPRegen 0.45/turn    (no ring)
MPRegen 0.14/turn

%: acrobat
@: flying
A: horns 2, retaliatory headbutt
a: Renounce Religion, Berserk, Trog's Hand


You were on level 14 of the Dungeon.
You worshipped Trog.
Trog was most pleased with you.
You visited 3 branches of the dungeon, and saw 21 of its levels.
You also visited: Sewer and Ice Cave.

You collected 2568 gold pieces.
You spent 780 gold pieces at shops.

Inventory:

Hand Weapons
 n - a +2 war axe
 w - the +5 morningstar "Goblinslayer" (weapon) {elec, Fly rElec rC+ Int+3}
   (You found it in an ice cave)

   Int:       It affects your intelligence (+3).
   rC:        It protects you from cold.
   rElec:     It insulates you from electricity.
   Fly:       It grants you flight.
Missiles
 q - 14 poisoned darts (quivered)
 O - 6 silver javelins
Armour
 e - the +0 cloak "Varailot" (worn) {rPois rC+}
   (You acquired it on level 5 of the Dungeon)

   rC:        It protects you from cold.
   rPois:     It protects you from poison.
 y - a +0 kite shield (worn)
 K - a +2 hat (worn)
 M - a +2 chain mail of poison resistance (worn)
 Q - the +0 pair of boots of the Komodo Dragon (worn) {rPois}
   (You found it on level 4 of the Lair of Beasts)

   rPois:     It protects you from poison.
 U - the +1 pair of gloves of Betwyjit (worn) {rN+ Str+5}
   (You bought it in a shop on level 2 of the Orcish Mines)

   Str:       It affects your strength (+5).
   rN:        It protects you from negative energy.
Jewellery
 S - a ring of flight (left hand)
 T - an amulet of the acrobat (around neck)
Wands
 h - a wand of polymorph (7)
 i - a wand of quicksilver (4)
 p - a wand of iceblast (7)
 E - a wand of charming (14)
 H - a wand of flame (23)
Scrolls
 b - 7 scrolls of immolation
 d - 5 scrolls of teleportation
 g - a scroll of acquirement
 k - 4 scrolls of fog
 r - 4 scrolls of noise
 x - 5 scrolls of enchant weapon
 z - 6 scrolls of enchant armour
 C - a scroll of brand weapon {unknown}
 F - 15 scrolls of identify
 G - 2 scrolls of magic mapping
 L - 2 scrolls of fear
Potions
 a - 6 potions of flight
 c - 2 potions of degeneration
 f - 3 potions of heal wounds
 j - 3 potions of lignification
 l - 6 potions of mutation
 m - 4 potions of attraction
 o - 3 potions of ambrosia
 s - a potion of cancellation
 t - 5 potions of magic
 u - 12 potions of curing
 v - 4 potions of might
 A - 5 potions of haste
 B - 3 potions of brilliance
 D - 4 potions of berserk rage
 J - a potion of invisibility
 P - a potion of resistance
Miscellaneous
 R - a piece from Xom's chessboard (15/15)
 V - a phantom mirror


   Skills:
 * Level 18.3 Fighting
 + Level 18.5 Axes
 + Level 16.0 Armour
 + Level 9.1 Dodging
 - Level 8.6 Shields


You had 14 spell levels left.
You didn't know any spells.
Your spell library was empty.

Dungeon Overview and Level Annotations

Branches:
Dungeon (14/15)            Temple (0/1) D:4            Lair (5/5) D:9
  Swamp (0/4) Lair:2       Spider (0/4) Lair:2        Slime (0/5) Lair:4
    Orc (2/2) D:12            Elf (0/3) Orc:2         Sewer (visited)
  IceCv (visited)
 Vaults: D:13-14

Altars:
Dithmenos
Elyvilon
Fedhas
Kikubaaqudgha
Nemelex Xobeh
Qazlal
Ru
Sif Muna
Trog
Uskayaw
Vehumet
Xom
Yredelemnul
Zin
The Shining One
Jiyva

Shops:
D:10 (   D:11 :   Orc:2 *!((*

Annotations:
D:14 3 transporters, Roxanne


Innate Abilities, Weirdness & Mutations

You have a pair of horns on your head.
You reflexively headbutt those who attack you in melee.


Message History

You hit Roxanne but do no damage. You headbutt Roxanne, but do no damage.
Roxanne mumbles some strange words.
The bolt of magma hits you!!
You hit Roxanne. You headbutt Roxanne, but do no damage.
Roxanne is lightly damaged.
You hit Roxanne but do no damage. You headbutt Roxanne!
Roxanne is lightly damaged.
You hit Roxanne but do no damage.
Roxanne is lightly damaged.
Roxanne says, "Come nearer, honey, I don't have a heart of stone."
Roxanne casts a spell.
The iron shot hits you!!
You bludgeon Roxanne!! You headbutt Roxanne, but do no damage.
Roxanne is lightly damaged.
Roxanne casts a spell.
The iron shot hits you!!!
You hit Roxanne but do no damage. You headbutt Roxanne, but do no damage.
Roxanne is lightly damaged.
You sock Roxanne! You headbutt Roxanne.
Roxanne is moderately damaged.
You sock Roxanne! You headbutt Roxanne.
Roxanne is moderately damaged.
You hit Roxanne but do no damage.
Roxanne is moderately damaged.
Roxanne mumbles some strange words.
The iron shot misses you.
You hit Roxanne. You headbutt Roxanne, but do no damage.
Roxanne is moderately damaged.
Roxanne mumbles some strange words.
The crystal spear hits you!!!
* * * LOW HITPOINT WARNING * * *
You impale Roxanne!!
Roxanne is heavily damaged.
You puncture Roxanne! You headbutt Roxanne, but do no damage.
Roxanne is heavily damaged.
You hit Roxanne but do no damage.
Roxanne is heavily damaged.
Roxanne casts a spell.
The iron shot hits you!!!
You die...

#..[.....##+##.#
####+#####........#
.#
#.................+
#
#.................#
#.................#
#........<........#
#...........>.....#
#.................+
########@8.....$..#
#................
#.......########
#........ #........
#........#
#........#
#........#


You could see Roxanne.

Vanquished Creatures
  Jorgrun (D:13)
  Kirke (D:12)
  Gastronok (Lair:1)
  A dire elephant (Lair:5)
  Josephine (Lair:3)
  Erolcha (Orc:1)
  6 hydras
  Fannar (D:11)
  3 catoblepae
  4 boulder beetles
  6 two-headed ogres
  2 centaur warriors
  10 death yaks
  3 orc high priests (Orc:1)
  Urug (Lair:3)
  A deep troll shaman (Lair:5)
  A skyshark (Lair:4)
  Pikel (D:8)
  8 orc knights
  A deep elf pyromancer (D:13)
  An ugly thing (D:11)
  2 manticores
  2 orc sorcerers (Orc:2)
  3 cyclopes
  10 elephants
  3 black mambas
  An ice statue (IceCv)
  A torpor snail (Lair:1)
  6 cane toads
  4 gargoyles
  Maggie (D:6)
  8 komodo dragons
  2 rime drakes
  11 trolls
  10 polar bears
  8 blink frogs
  3 jumping spiders (Lair:2)
  7 wyverns
  56 yaks
  3 hogs (D:12)
  3 basilisks
  9 wraiths
  A vampire (D:10)
  A steam dragon (D:7)
  3 vampire mosquitoes (D:11)
  A redback (Lair:2)
  4 chaos spawn (D:13)
  8 wargs
  4 swamp worms (Lair:2)
  13 water moccasins
  4 black bears
  An ice beast (D:6)
  15 ogres
  39 orc warriors
  5 centaurs
  27 wolves
  A lemure (D:8)
  2 phantoms (D:5)
  2 kobold brigands
  12 bullfrogs
  5 scorpions
  A gnoll sergeant (D:11)
  9 wights
  6 killer bees
  4 howler monkeys
  4 electric eels
  3 jellies
  19 orc priests
  A gnoll bouda (D:10)
  4 hounds
  5 iguanas
  2 sleepcaps
  22 orc wizards
  11 hell rats
  19 gnolls
  2 river rats (Sewer)
  12 adders
  15 white imps
  An ufetubus (D:6)
  2 worms
  3 dart slugs
  100 orcs
  9 bats
  9 endoplasms
  6 giant cockroaches
  2 goblins
  2 hobgoblins
  4 jackals (D:5)
  6 quokkas
  18 ball pythons
  6 frilled lizards
  9 kobolds
  27 rats
  A bush (D:12)
  2 butterflies (Lair:3)
702 creatures vanquished.

Vanquished Creatures (collateral kills)
  2 hydras (Lair:5)
  2 elephants (Lair:5)
  A rime drake (Lair:5)
  2 yaks (Lair:5)
7 creatures vanquished.

Vanquished Creatures (others)
  A yak (IceCv)
  3 humans (D:12)
  An orc wizard (D:12)
  2 orcs (D:12)
  30 fungi
  35 plants
  2 toadstools (D:1)
74 creatures vanquished.

Grand Total: 783 creatures vanquished

Notes
Turn   | Place    | Note
-------+----------+-------------------------------------------
     0 | D:1      | falawelle the Minotaur Berserker began the quest for the
                  | Orb.
     0 | D:1      | Reached XP level 1. HP: 19/19 MP: 0/0
   239 | D:1      | Reached XP level 2. HP: 24/27 MP: 1/1
  1826 | D:2      | Reached XP level 3. HP: 33/33 MP: 2/2
  2558 | D:3      | Found Cangevy's Distillery.
  2757 | D:2      | Reached ** piety under Trog
  2758 | D:2      | Reached XP level 4. HP: 14/41 MP: 3/3
  2989 | D:3      | Found a faded altar of an unknown god.
  3380 | D:3      | Reached skill level 5 in Axes
  3380 | D:3      | Reached XP level 5. HP: 39/47 MP: 4/4
  3549 | D:3      | Found a radiant altar of Vehumet.
  3566 | D:3      | Found a sacrificial altar of Ru.
  3750 | D:3      | Found a basalt altar of Yredelemnul.
  3762 | D:3      | Reached skill level 5 in Fighting
  3769 | D:3      | Reached XP level 6. HP: 39/56 MP: 5/5
  4275 | D:3      | Found a blossoming altar of Fedhas.
  4609 | D:4      | Found a staircase to the Ecumenical Temple.
  4720 | D:4      | Reached skill level 5 in Armour
  4787 | D:4      | Found a glowing drain.
  4810 | D:4      | Reached XP level 7. HP: 62/62 MP: 6/6
  4817 | Sewer    | Entered a sewer
  5339 | Sewer    | Identified the -2 buckler of Shielding {Int+4}
  5576 | Sewer    | Reached *** piety under Trog
  6571 | D:4      | You fall into a shaft and drop 1 floor!
  6571 | D:5      | Entered Level 5 of the Dungeon
  7442 | D:5      | Reached XP level 8. HP: 64/71 MP: 7/7
  8004 | D:4      | Found an ancient bone altar of Kikubaaqudgha.
  8236 | D:5      | Reached **** piety under Trog
  8963 | D:5      | Identified a scroll of acquirement
  8963 | D:5      | Acquired the +0 cloak "Varailot" {rPois rC+}
  9240 | D:6      | Noticed Maggie
  9255 | D:6      | Killed Maggie
  9256 | D:6      | Reached skill level 10 in Axes
 10109 | D:6      | Found a sparkling altar of Nemelex Xobeh.
 10132 | D:6      | Reached XP level 9. HP: 79/81 MP: 8/8
 10475 | D:6      | Found a white marble altar of Elyvilon.
 10475 | D:6      | Found a glowing golden altar of the Shining One.
 10698 | D:7      | Found a bloodstained altar of Trog.
 10851 | D:7      | Identified the +9 dagger "Yrghihedgh" {drain, *Noise rF+
                  | SInv}
 11061 | D:7      | Found a hide-covered altar of Uskayaw.
 12480 | D:8      | Found a shadowy altar of Dithmenos.
 12660 | D:8      | Reached XP level 10. HP: 72/88 MP: 9/9
 12823 | D:8      | Noticed Pikel
 12833 | D:8      | Killed Pikel
 13056 | D:8      | Reached skill level 10 in Fighting
 14224 | D:9      | Reached skill level 10 in Armour
 14248 | D:9      | Found a stormy altar of Qazlal.
 15434 | D:9      | Found a staircase to the Lair.
 15940 | D:10     | Entered Level 10 of the Dungeon
 16052 | D:10     | Found Abrumon's Antique Weapon Boutique.
 16203 | D:10     | Reached XP level 11. HP: 97/101 MP: 10/10
 16206 | D:10     | Reached skill level 1 in Shields
 16354 | D:10     | Noticed a two-headed ogre
 16366 | D:10     | Killed a two-headed ogre
 17717 | D:11     | Noticed a cyan ugly thing
 17909 | D:11     | Noticed a two-headed ogre
 17917 | D:11     | Killed a two-headed ogre
 17918 | D:11     | Reached skill level 15 in Axes
 18045 | D:11     | Killed a cyan ugly thing
 18046 | D:11     | Reached skill level 5 in Shields
 18169 | D:11     | Noticed a boulder beetle
 18193 | D:11     | Killed a boulder beetle
 18225 | D:11     | Found a shimmering blue altar of Sif Muna.
 18381 | D:11     | Found Ympe's Book Shoppe.
 18695 | D:11     | Noticed Fannar
 18709 | D:11     | Killed Fannar
 19221 | Lair:1   | Entered Level 1 of the Lair of Beasts
 19394 | Lair:1   | Noticed a death yak
 19409 | Lair:1   | Reached XP level 12. HP: 113/113 MP: 9/11
 19420 | Lair:1   | Killed a death yak
 19473 | Lair:1   | Noticed Gastronok
 19507 | Lair:1   | Killed Gastronok
 19806 | Lair:1   | Found a dark tunnel.
 21136 | Lair:2   | Noticed a catoblepas
 21164 | Lair:2   | Killed a catoblepas
 21779 | Lair:2   | Found a hole to the Spider Nest.
 22064 | Lair:2   | Noticed a four-headed hydra
 22065 | Lair:2   | Noticed a four-headed hydra
 22279 | Lair:2   | Killed a four-headed hydra
 22442 | Lair:2   | Killed a four-headed hydra
 23520 | Lair:2   | Found a staircase to the Swamp.
 24105 | Lair:3   | Noticed Urug
 24128 | Lair:3   | Killed Urug
 24385 | Lair:3   | Reached XP level 13. HP: 120/123 MP: 12/12
 24488 | Lair:3   | Found a frozen archway.
 24506 | IceCv    | Entered an ice cave
 25589 | IceCv    | Identified the +5 morningstar "Goblinslayer" {elec, Fly
                  | rElec rC+ Int+3}
 26360 | Lair:3   | Found a glowing silver altar of Zin.
 26608 | Lair:3   | Reached skill level 5 in Dodging
 26964 | Lair:4   | Noticed Josephine
 26987 | Lair:3   | Killed Josephine
 26988 | Lair:3   | Reached skill level 15 in Fighting
 27296 | Lair:4   | Found a viscous altar of Jiyva.
 27296 | Lair:4   | Found a staircase to the Slime Pits.
 28234 | Lair:4   | Identified the +0 pair of boots of the Komodo Dragon
                  | {rPois}
 28814 | Lair:5   | Entered Level 5 of the Lair of Beasts
 29151 | Lair:5   | Reached XP level 14. HP: 132/136 MP: 13/13
 29828 | Lair:5   | Identified the +8 flail "Maxomimi" {flame, Str+3}
 30465 | Lair:5   | Reached skill level 15 in Armour
 33160 | D:12     | Found a staircase to the Orcish Mines.
 33182 | D:12     | Noticed Kirke
 33193 | D:12     | Noticed a sphinx
 33193 | D:12     | Killed Kirke
 33951 | Orc:1    | Entered Level 1 of the Orcish Mines
 34747 | Orc:1    | Noticed Erolcha
 34760 | Orc:1    | Killed Erolcha
 35577 | Orc:2    | Entered Level 2 of the Orcish Mines
 35577 | Orc:2    | Found Nouxyala's Antique Weapon Emporium.
 36515 | Orc:1    | Reached XP level 15. HP: 128/149 MP: 14/14
 37463 | Orc:2    | Found Ysoiqey's Assorted Antiques.
 37463 | Orc:2    | Found Pocwu's Distillery.
 37551 | Orc:2    | Bought a potion of curing for 42 gold pieces
 37551 | Orc:2    | Bought a potion of curing for 42 gold pieces
 37828 | Orc:2    | Found Pugan's Antique Weapon Shop.
 37828 | Orc:2    | Found Koneizun's Assorted Antiques.
 37856 | Orc:2    | Bought a potion of curing for 75 gold pieces
 37856 | Orc:2    | Bought a pair of slimy gloves for 237 gold pieces
 37856 | Orc:2    | Identified the +1 pair of gloves of Betwyjit {rN+ Str+5}
                  | (You bought it in a shop on level 2 of the Orcish Mines)
 38018 | Orc:2    | Bought a scroll of enchant weapon for 180 gold pieces
 38018 | Orc:2    | Bought a potion of heal wounds for 120 gold pieces
 38027 | Orc:2    | Bought a potion of curing for 42 gold pieces
 38027 | Orc:2    | Bought a potion of curing for 42 gold pieces
 38495 | Orc:2    | Found a staircase to the Elven Halls.
 39246 | D:13     | Noticed Jorgrun
 39260 | D:13     | Killed Jorgrun
 39449 | D:13     | Found a shimmering altar of Xom.
 39537 | D:13     | Got the +10 hand axe "Minotaur's Peril" {chaos, rElec}
 40064 | D:14     | Found a transporter.
 40065 | D:14     | Found a transporter.
 40073 | D:14     | Found a transporter.
 40074 | D:14     | Found a transporter.
 40639 | D:14     | Identified the +3 leather armour "Okewn" {+Blink Fly rPois
                  | Regen+}
 40740 | D:14     | Identified Roxanne's Grimoire of Alteration
 40740 | D:14     | Noticed Roxanne
 40759 | D:14     | Killed from afar by Roxanne

Illustrated notes

Levels and vault maps discovered:
D:1:      dpeg_arrival_rhombus, layout_basic, minmay_gold_behind_fungi
D:2:      layout_loops_ring
D:3:      layout_loops_ring, fedhas_altar_fruit_tree, nicolae_ru_awakened_eye,
          mainiacjoe_overflow_cross_hatched, nicolae_vehumet_radiance,
          serial_shops, shop, dreamdust_ecumenical_altar_grove
D:4:      minmay_wonky_spiral, layout_loops_ring, kennysheep_mini,
          minmay_temple_entry_junction, gup_sewer_entry_glass
D:5:      layout_basic, kennysheep_pointless_box, serial_bayou_ford_a,
          minmay_misc_feat_rows
D:6:      layout_loops_ring, nicolae_overflow_hidden_temple,
          amethyst_overflow_temple_binary, kennysheep_cross_room,
          nrook_loot_triangle, uniq_maggie
D:7:      layout_gridville, mainiacjoe_overflow_alcove_4, lemuel_round_altar
D:8:      old_forge, layout_rooms, marbit_many_paths, uniq_pikel
D:9:      layout_roguey, nicolae_qazlal_style_of_elements, lair_entry_dummy,
          serial_rivers, chequers_serial_rivers_small_3,
          chequers_serial_rivers_marsh, chequers_serial_rivers_micro_c,
          chequers_serial_rivers_room_b, minmay_misc_feat_rugged
D:10:     kennysheep_six_static_rooms, layout_small_grid, serial_shops,
          nicolae_shop_pleasant_corner_grove
D:11:     minmay_inner_zag, layout_gridville, serial_shops,
          nicolae_lakefront_shop, led_sif_pool, uniq_fannar
D:12:     layout_cave_pods, minmay_orc_entry_temple_small,
          kb_lookout_dungeons_type, uniq_kirke
D:13:     layout_irregular_city, minmay_guarded_unrand_variability, uniq_jorgrun
D:14:     layout_gridville, grunt_vaults_entry_tiered, roderic_serpentine_path,
          nicolae_diode_quadrants, uniq_roxanne
Lair:1:   layout_regular_city, nicolae_volcano_entry_two_sided,
          chequers_serial_rivers_large_b, columned_hall_lemuel,
          dpeg_stationary_puzzle, uniq_gastronok
Lair:2:   layout_layer_cave, palyth_hydra_swamp_entry, spider_nest_entry_a,
          infiniplex_staircase_pool_2
Lair:3:   layout_cellular_growth, basic_altar, portal_ice_cave_entry_imps,
          lemuel_fruit_fields, uniq_urug
Lair:4:   layout_gridlike, slime_entry_1, uniq_josephine
Lair:5:   grunt_lair_end_beastmaster, layout_loops_ring,
          chequers_serial_rivers_small_a, nicolae_quartered_pool_little,
          serial_bayou_shore_b
Orc:1:    layout_diamond_mine, serial_shops, basic_altar, bh_open_orc_temple,
          uniq_erolcha
Orc:2:    st_orc_town, layout_caves, serial_shops, shop, guppyfry_library_mini

Skill      XL: |  1  2  3  4  5  6  7  8  9 10 11 12 13 14 15 |
---------------+----------------------------------------------+-----
Fighting       | 4 5 6 8 9 10 12 13 15 17 18 | 18.3
Axes           | 4 5 6 8 10 12 14 15 16 17 18 | 18.5
Armour         | 3 4 5 6 7 9 10 12 13 14 15 16 | 16.0
Dodging        | 3 6 8 9 |  9.1
Shields        | 5 8 |  8.6

Action                     |  1- 3 |  4- 6 |  7- 9 | 10-12 | 13-15 || total
---------------------------+-------+-------+-------+-------+-------++-------
  Melee: Hand axe          |    67 |     1 |       |       |       ||    68
         Headbutt          |     9 |    15 |    47 |   145 |   248 ||   464
         War axe           |       |   110 |   334 |   539 |   429 ||  1412
         Punch             |       |       |     5 |       |       ||     5
         Morningstar       |       |       |       |    54 |   565 ||   619
  Throw: Dart              |       |       |       |       |     2 ||     2
 Invoke: Trog's Hand       |       |     6 |     7 |    28 |    49 ||    90
         Berserk           |       |     1 |     4 |    11 |     8 ||    24
         Brothers in Arms  |       |       |       |       |     2 ||     2
  Evoke: Wand              |       |       |       |       |     8 ||     8
    Use: Scroll            |       |       |    21 |    14 |     6 ||    41
         Potion            |       |       |       |     2 |     6 ||     8
   Stab: Petrified         |       |       |       |       |     4 ||     4
         Fleeing           |       |       |       |       |     1 ||     1
 Armour: Animal skin       |     5 |       |       |       |       ||     5
         Chain mail        |    19 |    54 |   124 |       |     7 ||   204
         Plate armour      |       |       |    98 |   322 |   500 ||   920
  Dodge: Dodged            |    28 |    43 |   170 |   186 |   405 ||   832
  Block: Buckler           |       |       |       |    24 |       ||    24
         Kite shield       |       |       |       |   120 |   516 ||   636
